Bruins vs Sharks

Created - January 7 2012 at 12:49

Goals
1 2 3 T
Bruins 0 1 0 1
Sharks 1 1 1 3
Shots
1 2 3 T
Bruins 14 14 12 40
Sharks 16 8 3 27

Period #1

1. Sharks , Marc Savard 3 (Lauri Korpikoski, Shane OBrien) at 7:29

Penalties :
Shane OBrien (SJS) for Tripping (Minor) at 4:32, Shane Doan (SJS) for Holding (Minor) at 10:09, Derick Brassard (BOS) for Tripping (Minor) at 12:14, Zach Bogosian (BOS) for Interference (Minor) at 12:25, Marek Zidlicky (SJS) for Hooking (Minor) at 17:11, Zdeno Chara (BOS) for Cross-checking (Minor) at 19:38

Period #2

2. Bruins , Zdeno Chara 10 (Nathan Horton, Tobias Enstrom) at 10:14 (PP)
3. Sharks , Tyler Ennis 12 (Francois Beauchemin, Alex Tanguay) at 14:51

Penalties :
Shane OBrien (SJS) for Holding (Minor) at 1:58, Rick Nash (BOS) for Boarding (Minor) at 2:01, Shane OBrien (SJS) for Hooking (Minor) at 3:58, Shane OBrien (SJS) for Hooking (Minor) at 7:58, Francois Beauchemin (SJS) for Hooking (Minor) at 9:15, Milan Lucic (BOS) for Holding (Minor) at 17:35

Period #3

4. Sharks , Jarret Stoll 6 (Shane Doan, Bryan McCabe) at 18:28 (PP)

Penalties :
Blake Comeau (SJS) for Unsportsmanlike conduct (Major / Game Misconduct) at 2:08, Bryan McCabe (SJS) for High sticking (Minor) at 13:26, Zach Bogosian (BOS) for Hooking (Minor) at 17:19

Goalie Stats

Cam Ward (BOS), 24 saves from 27 shots - (0.889), L, 22-10-1, 60:00 minutes
Martin Brodeur (SJS), 39 saves from 40 shots - (0.975), W, 13-16-5, 60:00 minutes

Players Stats

Bruins
Player Name              G  A  P  +/- PIM S  H  SB FO    MP 
------------------------------------------------------------
Adam McQuaid             0  0  0   0  0   2  0  0  0/0   14 
Ales Hemsky              0  0  0  -1  0   5  2  0  0/1   19 
Chris Kelly              0  0  0   0  0   2  0  0  7/16  11 
David Krejci             0  0  0   0  0   2  1  0  13/26 17 
Dennis Seidenberg        0  0  0   0  0   1  2  3  0/0   23 
Derick Brassard          0  0  0   0  2   2  0  0  6/9   8  
Evander Kane             0  0  0   0  0   2  1  0  1/1   10 
Gregory Campbell         0  0  0   0  0   1  1  0  0/0   11 
Jordan Leopold           0  0  0   0  0   0  1  0  0/0   19 
Milan Lucic              0  0  0   0  2   3  2  0  1/1   15 
Nathan Horton            0  1  1  -1  0   4  1  0  1/2   14 
Patrice Bergeron         0  0  0  -2  0   2  1  0  9/25  22 
Rich Peverley            0  0  0   0  0   2  0  1  6/12  14 
Rick Nash                0  0  0  -2  2   3  2  1  0/1   20 
Tobias Enstrom           0  1  1  -2  0   6  0  1  0/0   20 
Tyler Seguin             0  0  0   0  0   0  0  0  0/0   11 
Zach Bogosian            0  0  0  -2  4   1  2  0  0/0   19 
Zdeno Chara              1  0  1   0  2   2  2  2  0/0   23 
Sharks
Player Name              G  A  P  +/- PIM S  H  SB FO    MP 
------------------------------------------------------------
Alex Tanguay             0  1  1   1  0   0  1  0  2/4   17 
Blake Comeau             0  0  0   0  15  0  0  0  0/0   6  
Bryan McCabe             0  1  1   0  2   1  2  3  0/0   21 
Dainius Zubrus           0  0  0   1  0   1  0  1  1/1   9  
David Moss               0  0  0   0  0   0  1  0  0/0   16 
Eric Belanger            0  0  0   0  0   1  0  1  9/18  16 
Francois Beauchemin      0  1  1   1  2   0  0  5  0/0   23 
Jarret Stoll             1  0  1   0  0   3  0  0  20/31 18 
Jeff Skinner             0  0  0   1  0   3  2  0  12/26 18 
Johnny Boychuk           0  0  0   1  0   3  2  1  0/0   23 
Lauri Korpikoski         0  1  1   1  0   0  1  0  1/1   16 
Marc Savard              1  0  1   1  0   2  0  0  5/9   9  
Marek Zidlicky           0  0  0   1  2   1  3  0  0/0   24 
Mark Stuart              0  0  0   0  0   0  3  3  0/0   16 
Pierre-Alexandre Parente 0  0  0   0  0   1  0  0  0/0   9  
Shane Doan               0  1  1   0  2   4  1  1  0/2   11 
Shane OBrien             0  1  1   1  8   3  2  2  0/0   13 
Tyler Ennis              1  0  1   1  0   4  0  0  0/2   16 

3 Stars

1 - Martin Brodeur (SJS)
2 - Marc Savard (SJS)
3 - Tyler Ennis (SJS)

Power Play

Bruins - 1 on 9 Attempt(s) - 11.11%
Sharks - 1 on 6 Attempt(s) - 16.67%

Penalty Kill

Bruins - 5 on 6 Attempt(s) - 83.33% - Score 0 goal in Penalty Kill
Sharks - 8 on 9 Attempt(s) - 88.89% - Score 0 goal in Penalty Kill

Game Notes

Blake Comeau ejected from game at 2:08 of 3rd period
Blake Comeau from Sharks is suspended for 2 game(s)

Finance

Level 1 -- Attendance: 5006 (77.02%) -- Ticket Income $500,600.00
Level 2 -- Attendance: 3353 (67.06%) -- Ticket Income $201,180.00
Level 3 -- Attendance: 2733 (78.09%) -- Ticket Income $95,655.00
Level 4 -- Attendance: 1496 (100.00%) -- Ticket Income $29,920.00
Luxury Box -- Attendance: 725 (72.50%) -- Ticket Income $145,000.00
Game was played at the HP Pavilion center
Total Attendance: 13313 (76.09%)
Total Ticket Income: $1,061,396.00
Other Income: $197,103.60
Total Income: $1,258,500.00


Play by Play

Period #1

0:01 of 1st period - Nathan Horton wins face-off versus Jeff Skinner in neutral zone.
0:08 of 1st period - Shot by Nathan Horton.
0:08 of 1st period - Shot Blocked by Johnny Boychuk.
0:12 of 1st period - Shot by Milan Lucic.
0:12 of 1st period - Stopped by Martin Brodeur with a rebound.
0:14 of 1st period - Shot by Milan Lucic.
0:14 of 1st period - Stopped by Martin Brodeur without a rebound.
0:15 of 1st period - Jarret Stoll wins face-off versus Patrice Bergeron in Sharks zone.
0:44 of 1st period - Shot by Rick Nash.
0:44 of 1st period - Stopped by Martin Brodeur with a rebound.
0:46 of 1st period - Shot by Ales Hemsky.
0:46 of 1st period - Shot Blocked by Bryan McCabe.
0:50 of 1st period - Shot by Patrice Bergeron.
0:50 of 1st period - Stopped by Martin Brodeur without a rebound.
0:51 of 1st period - David Krejci wins face-off versus Jeff Skinner in Sharks zone.
1:08 of 1st period - Shot by Milan Lucic.
1:08 of 1st period - Shot Blocked by Francois Beauchemin.
1:29 of 1st period - Shot by Tyler Ennis.
1:29 of 1st period - Stopped by Cam Ward without a rebound.
1:30 of 1st period - Dainius Zubrus wins face-off versus Chris Kelly in Bruins zone.
1:33 of 1st period - Shot by Lauri Korpikoski.
1:33 of 1st period - Shot Misses the Net.
1:35 of 1st period - Shot by Lauri Korpikoski.
1:35 of 1st period - Deflect By Marc Savard.
1:35 of 1st period - Shot Misses the Net.
1:37 of 1st period - Shot by Shane OBrien.
1:37 of 1st period - Stopped by Cam Ward with a rebound.
1:39 of 1st period - Shot by Shane OBrien.
1:39 of 1st period - Stopped by Cam Ward without a rebound.
1:40 of 1st period - Eric Belanger wins face-off versus Patrice Bergeron in Bruins zone.
1:55 of 1st period - Shot by Patrice Bergeron.
1:55 of 1st period - Stopped by Martin Brodeur without a rebound.
1:56 of 1st period - Derick Brassard wins face-off versus Marc Savard in Sharks zone.
2:13 of 1st period - Shot by Adam McQuaid.
2:13 of 1st period - Shot Blocked by Shane OBrien.
2:15 of 1st period - Shot by Adam McQuaid.
2:15 of 1st period - Stopped by Martin Brodeur with a rebound.
2:17 of 1st period - Shot by Adam McQuaid.
2:17 of 1st period - Stopped by Martin Brodeur without a rebound.
2:18 of 1st period - Eric Belanger wins face-off versus Rick Nash in Sharks zone.
2:27 of 1st period - Off-side.
2:28 of 1st period - Chris Kelly wins face-off versus Jeff Skinner in neutral zone.
2:37 of 1st period - Shot by Evander Kane.
2:37 of 1st period - Stopped by Martin Brodeur without a rebound.
2:38 of 1st period - Eric Belanger wins face-off versus Patrice Bergeron in Sharks zone.
2:38 of 1st period - Eric Belanger is hit by Ales Hemsky.
3:34 of 1st period - Icing by Zach Bogosian.
3:35 of 1st period - Jeff Skinner wins face-off versus Patrice Bergeron in Bruins zone.
3:36 of 1st period - Shot by Tyler Ennis.
3:36 of 1st period - Stopped by Cam Ward without a rebound.
3:37 of 1st period - David Krejci wins face-off versus Jeff Skinner in Bruins zone.
3:52 of 1st period - Shot by David Krejci.
3:52 of 1st period - Stopped by Martin Brodeur with a rebound.
4:05 of 1st period - Off-side.
4:06 of 1st period - Marc Savard wins face-off versus Chris Kelly in neutral zone.
4:06 of 1st period - Marc Savard is hit by Evander Kane.
4:32 of 1st period - Minor Penalty to Shane OBrien for Tripping.
4:33 of 1st period - David Krejci wins face-off versus Eric Belanger in Sharks zone.
4:36 of 1st period - Shot by Ales Hemsky.
4:36 of 1st period - Stopped by Martin Brodeur without a rebound.
4:37 of 1st period - Jarret Stoll wins face-off versus David Krejci in Sharks zone.
5:11 of 1st period - Icing by David Krejci.
5:12 of 1st period - Jarret Stoll wins face-off versus David Krejci in Bruins zone.
5:12 of 1st period - Jarret Stoll is hit by Dennis Seidenberg.
5:22 of 1st period - Shot by Eric Belanger.
5:22 of 1st period - Stopped by Cam Ward without a rebound.
5:23 of 1st period - Jarret Stoll wins face-off versus Patrice Bergeron in Bruins zone.
5:50 of 1st period - Johnny Boychuk is hit by Nathan Horton and loses puck.
5:57 of 1st period - Shot by Tobias Enstrom.
5:57 of 1st period - Stopped by Martin Brodeur without a rebound.
5:58 of 1st period - Jarret Stoll wins face-off versus David Krejci in Sharks zone.
6:23 of 1st period - Shot by Milan Lucic.
6:23 of 1st period - Shot Misses the Net.
6:25 of 1st period - Shot by Dennis Seidenberg.
6:25 of 1st period - Shot Misses the Net.
6:27 of 1st period - Shot by Jordan Leopold.
6:27 of 1st period - Shot Blocked by Mark Stuart.
6:57 of 1st period - Shot by Rich Peverley.
6:57 of 1st period - Shot Misses the Net.
6:59 of 1st period - Shot by Gregory Campbell.
6:59 of 1st period - Stopped by Martin Brodeur without a rebound.
7:00 of 1st period - Patrice Bergeron wins face-off versus Marc Savard in Sharks zone.
7:25 of 1st period - Shot by Shane OBrien.
7:25 of 1st period - Shot Blocked by Rick Nash.
7:29 of 1st period - Shot by Marc Savard.
7:29 of 1st period - Goal by Marc Savard - Bruins : 0 - Sharks : 1.
7:30 of 1st period - Derick Brassard wins face-off versus Eric Belanger in neutral zone.
7:45 of 1st period - Shot by Rich Peverley.
7:45 of 1st period - Shot Misses the Net.
7:59 of 1st period - Shot by Derick Brassard.
7:59 of 1st period - Shot Misses the Net.
8:01 of 1st period - Shot by Dennis Seidenberg.
8:01 of 1st period - Shot Blocked by Mark Stuart.
8:18 of 1st period - Shot by Zdeno Chara.
8:18 of 1st period - Shot Blocked by Bryan McCabe.
8:20 of 1st period - Shot by Evander Kane.
8:20 of 1st period - Deflect By Tyler Seguin.
8:20 of 1st period - Shot Misses the Net.
8:24 of 1st period - Shot by Chris Kelly.
8:24 of 1st period - Stopped by Martin Brodeur without a rebound.
8:25 of 1st period - Patrice Bergeron wins face-off versus Jeff Skinner in Sharks zone.
8:32 of 1st period - Shot by Ales Hemsky.
8:32 of 1st period - Shot Blocked by Francois Beauchemin.
8:34 of 1st period - Shot by Tobias Enstrom.
8:34 of 1st period - Shot Blocked by Francois Beauchemin.
8:38 of 1st period - Shot by Rick Nash.
8:38 of 1st period - Shot Misses the Net.
9:19 of 1st period - Tyler Ennis is hit by Zdeno Chara.
9:30 of 1st period - Icing by Francois Beauchemin.
9:31 of 1st period - Derick Brassard wins face-off versus Jeff Skinner in Sharks zone.
10:04 of 1st period - Shot by Marc Savard.
10:04 of 1st period - Stopped by Cam Ward with a rebound.
10:06 of 1st period - Shot by Shane OBrien.
10:06 of 1st period - Stopped by Cam Ward without a rebound.
10:07 of 1st period - Jarret Stoll wins face-off versus Chris Kelly in Bruins zone.
10:09 of 1st period - Minor Penalty to Shane Doan for Holding.
10:10 of 1st period - Jarret Stoll wins face-off versus Patrice Bergeron in Sharks zone.
12:14 of 1st period - Minor Penalty to Derick Brassard for Tripping.
12:15 of 1st period - David Krejci wins face-off versus Jeff Skinner in Bruins zone.
12:25 of 1st period - Minor Penalty to Zach Bogosian for Interference.
12:26 of 1st period - Rich Peverley wins face-off versus Jeff Skinner in Bruins zone.
12:35 of 1st period - Shot by Johnny Boychuk.
12:35 of 1st period - Stopped by Cam Ward without a rebound.
12:36 of 1st period - Jarret Stoll wins face-off versus Rich Peverley in Bruins zone.
12:37 of 1st period - Shot by Marek Zidlicky.
12:37 of 1st period - Stopped by Cam Ward without a rebound.
12:38 of 1st period - Jarret Stoll wins face-off versus Rich Peverley in Bruins zone.
12:43 of 1st period - Shot by Jarret Stoll.
12:43 of 1st period - Stopped by Cam Ward without a rebound.
12:44 of 1st period - Rich Peverley wins face-off versus Jeff Skinner in Bruins zone.
13:09 of 1st period - Shot by Jeff Skinner.
13:09 of 1st period - Stopped by Cam Ward without a rebound.
13:10 of 1st period - Jarret Stoll wins face-off versus David Krejci in Bruins zone.
13:18 of 1st period - Icing by Bryan McCabe.
13:19 of 1st period - David Krejci wins face-off versus Shane Doan in Sharks zone.
13:38 of 1st period - Shot by Bryan McCabe.
13:38 of 1st period - Stopped by Cam Ward without a rebound.
13:39 of 1st period - Jeff Skinner wins face-off versus David Krejci in Bruins zone.
13:46 of 1st period - Shot by Johnny Boychuk.
13:46 of 1st period - Shot Blocked by Zdeno Chara.
13:48 of 1st period - Shot by Johnny Boychuk.
13:48 of 1st period - Shot Misses the Net.
13:50 of 1st period - Shot by Johnny Boychuk.
13:50 of 1st period - Stopped by Cam Ward without a rebound.
13:51 of 1st period - Rich Peverley wins face-off versus Shane Doan in Bruins zone.
13:51 of 1st period - Dennis Seidenberg is hit by Shane Doan and loses puck.
14:02 of 1st period - Shot by Pierre-Alexandre Parenteau.
14:02 of 1st period - Stopped by Cam Ward without a rebound.
14:03 of 1st period - Jeff Skinner wins face-off versus David Krejci in Bruins zone.
14:18 of 1st period - Dennis Seidenberg is hit by Jeff Skinner and loses puck.
14:31 of 1st period - Blake Comeau is hit by Patrice Bergeron and loses puck.
14:53 of 1st period - Blake Comeau is hit by Zach Bogosian.
16:26 of 1st period - Shot by Tyler Ennis.
16:26 of 1st period - Shot Blocked by Rich Peverley.
16:36 of 1st period - Francois Beauchemin is hit by Gregory Campbell and loses puck.
17:10 of 1st period - Ales Hemsky is hit by Marek Zidlicky.
17:11 of 1st period - Minor Penalty to Marek Zidlicky for Hooking.
17:12 of 1st period - Jarret Stoll wins face-off versus David Krejci in Sharks zone.
18:52 of 1st period - David Krejci is hit by Lauri Korpikoski and loses puck.
19:04 of 1st period - Shot by David Krejci.
19:04 of 1st period - Shot Misses the Net.
19:06 of 1st period - Shot by Dennis Seidenberg.
19:06 of 1st period - Stopped by Martin Brodeur without a rebound.
19:07 of 1st period - David Krejci wins face-off versus Jarret Stoll in Sharks zone.
19:13 of 1st period - Derick Brassard is hit by Bryan McCabe and loses puck.
19:24 of 1st period - Shot by Shane Doan.
19:24 of 1st period - Stopped by Cam Ward without a rebound.
19:25 of 1st period - Marc Savard wins face-off versus Chris Kelly in Bruins zone.
19:37 of 1st period - Marc Savard is hit by Zdeno Chara and loses puck.
19:38 of 1st period - Minor Penalty to Zdeno Chara for Cross-checking.
19:39 of 1st period - Jarret Stoll wins face-off versus David Krejci in Bruins zone.

Period #2

0:01 of 2nd period - Jeff Skinner wins face-off versus Patrice Bergeron in neutral zone.
0:03 of 2nd period - Off-side.
0:04 of 2nd period - David Krejci wins face-off versus Jeff Skinner in neutral zone.
0:34 of 2nd period - Shot by Jeff Skinner.
0:34 of 2nd period - Stopped by Cam Ward without a rebound.
0:35 of 2nd period - Jarret Stoll wins face-off versus Patrice Bergeron in Bruins zone.
1:04 of 2nd period - Shot by Bryan McCabe.
1:04 of 2nd period - Shot Misses the Net.
1:06 of 2nd period - Shot by Shane Doan.
1:06 of 2nd period - Stopped by Cam Ward with a rebound.
1:08 of 2nd period - Shot by Marek Zidlicky.
1:08 of 2nd period - Shot Blocked by Dennis Seidenberg.
1:10 of 2nd period - Shot by Pierre-Alexandre Parenteau.
1:10 of 2nd period - Deflect By Jarret Stoll.
1:10 of 2nd period - Shot Misses the Net.
1:14 of 2nd period - Shot by Shane Doan.
1:14 of 2nd period - Stopped by Cam Ward without a rebound.
1:15 of 2nd period - Alex Tanguay wins face-off versus Patrice Bergeron in Bruins zone.
1:18 of 2nd period - Shot by Tyler Ennis.
1:18 of 2nd period - Shot Misses the Net.
1:58 of 2nd period - Shot by Evander Kane.
1:58 of 2nd period - Stopped by Martin Brodeur without a rebound.
1:58 of 2nd period - Minor Penalty to Shane OBrien for Holding.
1:59 of 2nd period - Eric Belanger wins face-off versus Patrice Bergeron in Sharks zone.
2:01 of 2nd period - Minor Penalty to Rick Nash for Boarding.
2:02 of 2nd period - Evander Kane wins face-off versus Tyler Ennis in Bruins zone.
2:15 of 2nd period - Shot by Rich Peverley.
2:15 of 2nd period - Stopped by Martin Brodeur without a rebound.
2:16 of 2nd period - Chris Kelly wins face-off versus Jarret Stoll in Sharks zone.
2:41 of 2nd period - Shot by Jeff Skinner.
2:41 of 2nd period - Stopped by Cam Ward without a rebound.
2:42 of 2nd period - Alex Tanguay wins face-off versus Rich Peverley in Bruins zone.
2:46 of 2nd period - Icing by Jordan Leopold.
2:47 of 2nd period - Rich Peverley wins face-off versus Tyler Ennis in Bruins zone.
3:58 of 2nd period - Minor Penalty to Shane OBrien for Hooking.
3:59 of 2nd period - Jarret Stoll wins face-off versus Chris Kelly in Sharks zone.
5:08 of 2nd period - Shot by Ales Hemsky.
5:08 of 2nd period - Stopped by Martin Brodeur without a rebound.
5:09 of 2nd period - David Krejci wins face-off versus Jarret Stoll in Sharks zone.
5:59 of 2nd period - Icing by Rick Nash.
6:00 of 2nd period - Marc Savard wins face-off versus Derick Brassard in Bruins zone.
6:08 of 2nd period - Icing by Gregory Campbell.
6:09 of 2nd period - Jeff Skinner wins face-off versus Derick Brassard in Bruins zone.
6:26 of 2nd period - Shot by Jeff Skinner.
6:26 of 2nd period - Shot Misses the Net.
6:38 of 2nd period - Shot by Derick Brassard.
6:38 of 2nd period - Shot Misses the Net.
6:45 of 2nd period - Icing by Shane OBrien.
6:46 of 2nd period - Patrice Bergeron wins face-off versus Alex Tanguay in Sharks zone.
6:49 of 2nd period - Shot by Ales Hemsky.
6:49 of 2nd period - Stopped by Martin Brodeur without a rebound.
6:50 of 2nd period - Patrice Bergeron wins face-off versus Eric Belanger in Sharks zone.
7:05 of 2nd period - Shot by Rick Nash.
7:05 of 2nd period - Shot Blocked by Mark Stuart.
7:07 of 2nd period - Shot by Zach Bogosian.
7:07 of 2nd period - Stopped by Martin Brodeur with a rebound.
7:12 of 2nd period - Patrice Bergeron is hit by Bryan McCabe and loses puck.
7:52 of 2nd period - Jordan Leopold is hit by Shane OBrien and loses puck.
7:58 of 2nd period - Minor Penalty to Shane OBrien for Hooking.
7:59 of 2nd period - Milan Lucic wins face-off versus Eric Belanger in Sharks zone.
8:02 of 2nd period - Shot by Dennis Seidenberg.
8:02 of 2nd period - Shot Misses the Net.
8:06 of 2nd period - Shot by Nathan Horton.
8:06 of 2nd period - Stopped by Martin Brodeur without a rebound.
8:07 of 2nd period - David Krejci wins face-off versus Jarret Stoll in Sharks zone.
8:10 of 2nd period - Shot by Nathan Horton.
8:10 of 2nd period - Stopped by Martin Brodeur without a rebound.
8:11 of 2nd period - Eric Belanger wins face-off versus David Krejci in Sharks zone.
8:27 of 2nd period - Icing by Dennis Seidenberg.
8:28 of 2nd period - Eric Belanger wins face-off versus David Krejci in Bruins zone.
8:47 of 2nd period - Marek Zidlicky is hit by Milan Lucic and loses puck.
9:08 of 2nd period - Lauri Korpikoski is hit by Rick Nash and loses puck.
9:13 of 2nd period - Shot by Rick Nash.
9:13 of 2nd period - Stopped by Martin Brodeur with a rebound.
9:15 of 2nd period - Shot by Tobias Enstrom.
9:15 of 2nd period - Stopped by Martin Brodeur without a rebound.
9:15 of 2nd period - Minor Penalty to Francois Beauchemin for Hooking.
9:16 of 2nd period - Patrice Bergeron wins face-off versus Jarret Stoll in Sharks zone.
9:29 of 2nd period - Shot by Tobias Enstrom.
9:29 of 2nd period - Stopped by Martin Brodeur without a rebound.
9:30 of 2nd period - Jarret Stoll wins face-off versus Ales Hemsky in Sharks zone.
9:30 of 2nd period - Jarret Stoll is hit by David Krejci.
9:58 of 2nd period - Shot by Jordan Leopold.
9:58 of 2nd period - Shot Misses the Net.
10:10 of 2nd period - Shot by Tobias Enstrom.
10:10 of 2nd period - Shot Misses the Net.
10:12 of 2nd period - Shot by Nathan Horton.
10:12 of 2nd period - Stopped by Martin Brodeur with a rebound.
10:14 of 2nd period - Shot by Zdeno Chara.
10:14 of 2nd period - Goal by Zdeno Chara - Bruins : 1 - Sharks : 1.
10:15 of 2nd period - Jeff Skinner wins face-off versus Chris Kelly in neutral zone.
11:25 of 2nd period - Off-side.
11:26 of 2nd period - Patrice Bergeron wins face-off versus Eric Belanger in neutral zone.
11:48 of 2nd period - Shot by Ales Hemsky.
11:48 of 2nd period - Stopped by Martin Brodeur without a rebound.
11:49 of 2nd period - Derick Brassard wins face-off versus Jarret Stoll in Sharks zone.
11:49 of 2nd period - Derick Brassard is hit by Marek Zidlicky.
12:08 of 2nd period - Rich Peverley is hit by Marek Zidlicky and loses puck.
12:28 of 2nd period - Icing by Shane Doan.
12:29 of 2nd period - Jarret Stoll wins face-off versus Patrice Bergeron in Sharks zone.
13:14 of 2nd period - Icing by Francois Beauchemin.
13:15 of 2nd period - Chris Kelly wins face-off versus Jeff Skinner in Sharks zone.
13:24 of 2nd period - Jordan Leopold is hit by Alex Tanguay and loses puck.
13:28 of 2nd period - Icing by Jordan Leopold.
13:29 of 2nd period - Chris Kelly wins face-off versus Eric Belanger in Bruins zone.
14:11 of 2nd period - Off-side.
14:12 of 2nd period - Marc Savard wins face-off versus Derick Brassard in neutral zone.
14:23 of 2nd period - Shot by Dainius Zubrus.
14:23 of 2nd period - Deflect By Lauri Korpikoski.
14:23 of 2nd period - Shot Blocked by Dennis Seidenberg.
14:27 of 2nd period - Shot by Dainius Zubrus.
14:27 of 2nd period - Stopped by Cam Ward without a rebound.
14:28 of 2nd period - Jeff Skinner wins face-off versus Patrice Bergeron in Bruins zone.
14:45 of 2nd period - Shot by Tyler Ennis.
14:45 of 2nd period - Stopped by Cam Ward with a rebound.
14:47 of 2nd period - Shot by Francois Beauchemin.
14:47 of 2nd period - Shot Misses the Net.
14:51 of 2nd period - Shot by Tyler Ennis.
14:51 of 2nd period - Goal by Tyler Ennis - Bruins : 1 - Sharks : 2.
14:52 of 2nd period - Derick Brassard wins face-off versus Marc Savard in neutral zone.
16:56 of 2nd period - Shot by Alex Tanguay.
16:56 of 2nd period - Shot Misses the Net.
16:58 of 2nd period - Shot by Jeff Skinner.
16:58 of 2nd period - Shot Misses the Net.
17:16 of 2nd period - Shot by Rick Nash.
17:16 of 2nd period - Stopped by Martin Brodeur with a rebound.
17:20 of 2nd period - Shot by Tobias Enstrom.
17:20 of 2nd period - Shot Misses the Net.
17:22 of 2nd period - Shot by Rick Nash.
17:22 of 2nd period - Shot Misses the Net.
17:24 of 2nd period - Shot by Rick Nash.
17:24 of 2nd period - Shot Blocked by Dainius Zubrus.
17:35 of 2nd period - Minor Penalty to Milan Lucic for Holding.
17:36 of 2nd period - David Krejci wins face-off versus Jarret Stoll in Bruins zone.
18:23 of 2nd period - Shot by Jeff Skinner.
18:23 of 2nd period - Shot Misses the Net.
18:25 of 2nd period - Shot by Johnny Boychuk.
18:25 of 2nd period - Stopped by Cam Ward without a rebound.
18:26 of 2nd period - Jeff Skinner wins face-off versus Patrice Bergeron in Bruins zone.
18:31 of 2nd period - Shot by Jeff Skinner.
18:31 of 2nd period - Shot Misses the Net.

Period #3

0:01 of 3rd period - Jeff Skinner wins face-off versus David Krejci in neutral zone.
0:17 of 3rd period - Shot by Nathan Horton.
0:17 of 3rd period - Deflect By David Krejci.
0:17 of 3rd period - Stopped by Martin Brodeur without a rebound.
0:18 of 3rd period - Patrice Bergeron wins face-off versus Jarret Stoll in Sharks zone.
0:47 of 3rd period - Shot by Tobias Enstrom.
0:47 of 3rd period - Stopped by Martin Brodeur without a rebound.
0:48 of 3rd period - David Krejci wins face-off versus Jeff Skinner in Sharks zone.
1:00 of 3rd period - Icing by Francois Beauchemin.
1:01 of 3rd period - Chris Kelly wins face-off versus Alex Tanguay in Sharks zone.
1:01 of 3rd period - Chris Kelly is hit by Johnny Boychuk.
1:17 of 3rd period - Icing by Jordan Leopold.
1:18 of 3rd period - Chris Kelly wins face-off versus Marc Savard in Bruins zone.
2:08 of 3rd period - Major / Game Misconduct Penalty to Blake Comeau for Unsportsmanlike conduct.
2:08 of 3rd period - Blake Comeau is ejected from game.
2:09 of 3rd period - David Krejci wins face-off versus Eric Belanger in Sharks zone.
2:10 of 3rd period - Shot by Milan Lucic.
2:10 of 3rd period - Stopped by Martin Brodeur without a rebound.
2:11 of 3rd period - Eric Belanger wins face-off versus David Krejci in Sharks zone.
2:47 of 3rd period - Shot by Ales Hemsky.
2:47 of 3rd period - Shot Blocked by Francois Beauchemin.
3:01 of 3rd period - Shot by Zdeno Chara.
3:01 of 3rd period - Shot Blocked by Eric Belanger.
3:05 of 3rd period - Shot by Tobias Enstrom.
3:05 of 3rd period - Stopped by Martin Brodeur without a rebound.
3:06 of 3rd period - Jarret Stoll wins face-off versus Patrice Bergeron in Sharks zone.
3:18 of 3rd period - Icing by Zdeno Chara.
3:19 of 3rd period - Jarret Stoll wins face-off versus Patrice Bergeron in Bruins zone.
3:29 of 3rd period - Rick Nash is hit by Mark Stuart and loses puck.
3:34 of 3rd period - Shot by Tobias Enstrom.
3:34 of 3rd period - Stopped by Martin Brodeur without a rebound.
3:35 of 3rd period - David Krejci wins face-off versus Eric Belanger in Sharks zone.
3:40 of 3rd period - Shot by Milan Lucic.
3:40 of 3rd period - Shot Misses the Net.
5:40 of 3rd period - Shot by Tobias Enstrom.
5:40 of 3rd period - Shot Misses the Net.
5:44 of 3rd period - Shot by Nathan Horton.
5:44 of 3rd period - Stopped by Martin Brodeur with a rebound.
6:14 of 3rd period - Shot by Rich Peverley.
6:14 of 3rd period - Stopped by Martin Brodeur without a rebound.
6:15 of 3rd period - Rich Peverley wins face-off versus Eric Belanger in Sharks zone.
6:24 of 3rd period - Shot by Ales Hemsky.
6:24 of 3rd period - Stopped by Martin Brodeur without a rebound.
6:25 of 3rd period - Jeff Skinner wins face-off versus Chris Kelly in Sharks zone.
6:40 of 3rd period - Icing by Zdeno Chara.
6:41 of 3rd period - Rich Peverley wins face-off versus Jarret Stoll in Bruins zone.
7:32 of 3rd period - Dainius Zubrus is hit by Dennis Seidenberg and loses puck.
7:46 of 3rd period - Icing by Milan Lucic.
7:47 of 3rd period - Derick Brassard wins face-off versus Jeff Skinner in Bruins zone.
8:34 of 3rd period - Shot by Shane Doan.
8:34 of 3rd period - Shot Blocked by Tobias Enstrom.
8:36 of 3rd period - Shot by Mark Stuart.
8:36 of 3rd period - Shot Misses the Net.
8:40 of 3rd period - Shot by David Moss.
8:40 of 3rd period - Shot Misses the Net.
9:20 of 3rd period - Ales Hemsky is hit by Shane OBrien and loses puck.
10:00 of 3rd period - Zdeno Chara is hit by Johnny Boychuk and loses puck.
10:12 of 3rd period - Jordan Leopold is hit by Jeff Skinner and loses puck.
10:30 of 3rd period - Jeff Skinner is hit by Jordan Leopold and loses puck.
10:38 of 3rd period - Icing by Jordan Leopold.
10:39 of 3rd period - Eric Belanger wins face-off versus Chris Kelly in Bruins zone.
11:04 of 3rd period - Rich Peverley is hit by Mark Stuart and loses puck.
11:17 of 3rd period - Shot by Derick Brassard.
11:17 of 3rd period - Stopped by Martin Brodeur with a rebound.
11:19 of 3rd period - Shot by Rich Peverley.
11:19 of 3rd period - Shot Blocked by Shane Doan.
11:23 of 3rd period - Shot by Derick Brassard.
11:23 of 3rd period - Shot Blocked by Bryan McCabe.
11:25 of 3rd period - Shot by Gregory Campbell.
11:25 of 3rd period - Shot Misses the Net.
11:27 of 3rd period - Shot by Rich Peverley.
11:27 of 3rd period - Shot Misses the Net.
11:31 of 3rd period - Shot by Derick Brassard.
11:31 of 3rd period - Shot Misses the Net.
11:35 of 3rd period - Shot by Derick Brassard.
11:35 of 3rd period - Stopped by Martin Brodeur without a rebound.
11:36 of 3rd period - Marc Savard wins face-off versus Nathan Horton in Sharks zone.
12:57 of 3rd period - Icing by Johnny Boychuk.
12:58 of 3rd period - Chris Kelly wins face-off versus Jeff Skinner in Sharks zone.
13:03 of 3rd period - Shot by Evander Kane.
13:03 of 3rd period - Shot Blocked by Francois Beauchemin.
13:07 of 3rd period - Shot by Zdeno Chara.
13:07 of 3rd period - Stopped by Martin Brodeur without a rebound.
13:08 of 3rd period - Jarret Stoll wins face-off versus Rich Peverley in Sharks zone.
13:19 of 3rd period - Shot by Jarret Stoll.
13:19 of 3rd period - Stopped by Cam Ward with a rebound.
13:26 of 3rd period - Minor Penalty to Bryan McCabe for High sticking.
13:27 of 3rd period - Lauri Korpikoski wins face-off versus Rich Peverley in Sharks zone.
14:32 of 3rd period - Ales Hemsky is hit by Mark Stuart and loses puck.
14:44 of 3rd period - Icing by Rick Nash.
14:45 of 3rd period - Patrice Bergeron wins face-off versus Jarret Stoll in Bruins zone.
14:45 of 3rd period - Patrice Bergeron is hit by David Moss.
15:43 of 3rd period - Shot by Shane Doan.
15:43 of 3rd period - Shot Misses the Net.
15:47 of 3rd period - Shot by Shane Doan.
15:47 of 3rd period - Stopped by Cam Ward without a rebound.
15:48 of 3rd period - Jarret Stoll wins face-off versus Chris Kelly in Bruins zone.
16:09 of 3rd period - Shot by Ales Hemsky.
16:09 of 3rd period - Shot Misses the Net.
16:11 of 3rd period - Shot by Chris Kelly.
16:11 of 3rd period - Deflect By Ales Hemsky.
16:11 of 3rd period - Shot Misses the Net.
16:13 of 3rd period - Shot by Adam McQuaid.
16:13 of 3rd period - Shot Misses the Net.
16:15 of 3rd period - Shot by Adam McQuaid.
16:15 of 3rd period - Shot Blocked by Shane OBrien.
16:17 of 3rd period - Shot by Chris Kelly.
16:17 of 3rd period - Stopped by Martin Brodeur without a rebound.
16:18 of 3rd period - Jeff Skinner wins face-off versus David Krejci in Sharks zone.
16:18 of 3rd period - Jeff Skinner is hit by Milan Lucic.
16:42 of 3rd period - Shot by Alex Tanguay.
16:42 of 3rd period - Shot Blocked by Zdeno Chara.
17:15 of 3rd period - Off-side.
17:16 of 3rd period - Eric Belanger wins face-off versus Patrice Bergeron in neutral zone.
17:16 of 3rd period - Eric Belanger is hit by Ales Hemsky.
17:19 of 3rd period - Minor Penalty to Zach Bogosian for Hooking.
17:20 of 3rd period - Jeff Skinner wins face-off versus Rich Peverley in Bruins zone.
18:22 of 3rd period - Shot by Jarret Stoll.
18:22 of 3rd period - Shot Blocked by Dennis Seidenberg.
18:24 of 3rd period - Shot by Pierre-Alexandre Parenteau.
18:24 of 3rd period - Shot Misses the Net.
18:26 of 3rd period - Shot by Bryan McCabe.
18:26 of 3rd period - Shot Misses the Net.
18:28 of 3rd period - Shot by Shane Doan.
18:28 of 3rd period - Deflect By Jarret Stoll.
18:28 of 3rd period - Goal by Jarret Stoll - Bruins : 1 - Sharks : 3.
18:29 of 3rd period - Patrice Bergeron wins face-off versus Jarret Stoll in neutral zone.
18:40 of 3rd period - Jarret Stoll is hit by Rick Nash and loses puck.
18:50 of 3rd period - Marek Zidlicky is hit by Zach Bogosian and loses puck.


Output by the SimonT Hockey Simulator (STHS) for Stephane Roy -- Original Page W3C XHTML 1.0 Valid